 Dungeon Crawl Stone Soup version 0.23.1-42-g8abd8fc (webtiles) character file.

Game seed: 15515821162625263564

87 Borgoz the Cutter (level 4, -4/27 HPs)
             Began as a Gargoyle Gladiator on Mar 30, 2019.
             Was an Initiate of Ashenzari.
             Slain by a hippogriff (5 damage)
             ... on level 3 of the Dungeon.
             The game lasted 00:02:32 (1709 turns).

Borgoz the Cutter (Gargoyle Gladiator)              Turns: 1709, Time: 00:02:33

Health: -4/27      AC: 12    Str: 17    XL:     4   Next: 51%
Magic:  4/4        EV: 10    Int:  9    God:    Ashenzari [......]
Gold:   79         SH:  0    Dex: 12    Spells: 3/3 levels left

rFire    . . .     SeeInvis +   a - +0 rapier
rCold    . . .     Gourm    .   (no shield)
rNeg     + . .     Faith    .   n - +0 scale mail
rPois    ∞         Spirit   .   c - +0 helmet
rElec    +         Reflect  .   (no cloak)
rCorr    .         Harm     .   p - +0 pair of gloves
MR       .....                  (no boots)
Stlth    ..........             (no amulet)
HPRegen  0.09/turn              r - ring of see invisible
MPRegen  0.09/turn              (no ring)

@: no status effects
A: negative energy resistance 1, electricity resistance, unbreathing,
petrification resistance, rot immunity, AC +3
a: Curse Item, Renounce Religion


You were on level 3 of the Dungeon.
You worshipped Ashenzari.
Ashenzari was noncommittal.
You were not hungry.

You visited 1 branch of the dungeon, and saw 3 of its levels.

You collected 79 gold pieces.

Inventory:

Hand Weapons
 a - a +0 rapier (weapon)
Missiles
 d - 3 throwing nets (quivered)
Armour
 c - a +0 helmet (worn)
 n - a +0 scale mail (worn)
 p - a +0 pair of gloves (worn)
Jewellery
 r - a ring of see invisible (left hand)
Scrolls
 b - 2 scrolls of identify {unknown}
 e - a scroll of remove curse
 i - a scroll of blinking {unknown}
 j - 2 scrolls of enchant armour {unknown}
 k - a scroll of fog {unknown}
 l - a scroll of amnesia
Potions
 g - a potion of might {unknown}
 h - a potion of brilliance {unknown}
 m - a potion of flight {unknown}
 o - a potion of agility {unknown}
Comestibles
 f - 4 rations
 q - a chunk of flesh


   Skills:
 + Level 2.6 Fighting
 * Level 3.3 Short Blades
 - Level 1.7 Throwing
 + Level 1.2 Armour
 * Level 3.1 Dodging
 + Level 1.4 Stealth


You had 3 spell levels left.
You didn't know any spells.
Your spell library was empty.

Dungeon Overview and Level Annotations

Branches:
Dungeon (3/15)

Altars:
Ashenzari
Xom

Annotations:
D:3 3 runed translucent doors, totalnoob's ghost, novice OpEE


Innate Abilities, Weirdness & Mutations

You are resistant to torment.
Your stone body is resilient. (AC +3)
You are immune to poison.
You resist negative energy. (rN+)
You are resistant to electric shocks. (rElec)
You can survive without breathing.
You are immune to petrification.
You are immune to rotting.


Message History

You closely miss the hippogriff. The hippogriff bites you.
The hippogriff barely misses you. The hippogriff closely misses you.
You barely miss the hippogriff. The hippogriff closely misses you. x2
The hippogriff claws you.
You hit the hippogriff.
The hippogriff is lightly wounded.
The hippogriff closely misses you. The hippogriff pecks you.
The hippogriff claws you.
You barely miss the hippogriff.
The hippogriff is lightly wounded.
The hippogriff bites you.
* * * LOW HITPOINT WARNING * * *
The hippogriff pecks you but does no damage.
The hippogriff closely misses you.
Your scale mail prevents you from hitting the hippogriff.
The hippogriff is lightly wounded.
The hippogriff bites you.
* * * LOW HITPOINT WARNING * * *
The hippogriff barely misses you. The hippogriff claws you.
You die...

# ##(##..#gZ.....#.# ##.##.
########...#..#.( #..#.####.....
......†.......+..###..#.'........
<#######...#..+.....).#.####.....
.# ##.##..+..###$.#.# ##.... .#
### ..#..###..#.# ##... .# ###
.#$.Wg...#.# ##.# .#
.....#########.# #.# .#
.......@H......# #.# .#
.####.####.##### .# # #.# ## ...
..... ##...## ##.## #.#


You could see a hippogriff, totalnoob's ghost and a goblin.

Vanquished Creatures
  2 adders (D:2)
  3 oozes
  4 worms
  A dart slug (D:2)
  2 leopard geckos
  A ball python (D:2)
  4 bats
  2 giant cockroaches
  2 goblins
  5 hobgoblins
  2 jackals (D:2)
  A quokka (D:2)
  2 frilled lizards (D:2)
  4 kobolds
  8 rats
43 creatures vanquished.

Notes
Turn   | Place    | Note
-------+----------+-------------------------------------------
     0 | D:1      | Borgoz the Gargoyle Gladiator began the quest for the Orb.
     0 | D:1      | Reached XP level 1. HP: 12/12 MP: 1/1
   224 | D:1      | Reached XP level 2. HP: 16/18 MP: 2/2
   591 | D:2      | Found a shattered altar of Ashenzari.
   611 | D:2      | Became a worshipper of Ashenzari the Shackled
   688 | D:2      | Reached skill level 1 in Stealth
   688 | D:2      | Reached XP level 3. HP: 11/22 MP: 3/3
   946 | D:2      | Reached skill level 1 in Armour
  1060 | D:2      | Reached XP level 4. HP: 22/27 MP: 4/4
  1067 | D:2      | Found a shimmering altar of Xom.
  1609 | D:3      | Found a runed translucent gate.
  1609 | D:3      | Found a runed translucent gate.
  1610 | D:3      | Found a runed translucent gate.
  1611 | D:3      | Noticed a phantom
  1613 | D:3      | Noticed totalnoob's ghost (novice OpEE)
  1701 | D:3      | Noticed a hippogriff
  1709 | D:3      | HP: 1/27 [hippogriff (3)]
  1709 | D:3      | Slain by a hippogriff

Skill      XL: |  1  2  3 |
---------------+----------+-----
Short Blades   | 3 |  3.3
Stealth        | 1 |  1.4
Armour         | 1 |  1.2
Dodging        | 3 |  3.1
Fighting       | |  2.6
Throwing       | |  1.7

Action                   |  1- 3 |  4- 6 || total
-------------------------+-------+-------++-------
Melee: Rapier            |   100 |    64 ||   164
Throw: Throwing net      |     1 |       ||     1
  Use: Scroll            |     3 |       ||     3
  Eat: Chunk             |     1 |     2 ||     3
Armor: Scale mail        |    49 |    27 ||    76
       Leather armour    |     5 |       ||     5
Dodge: Dodged            |    55 |    39 ||    94
